MLB
NEW YORK METS @ CHICAGO CUBS
08/27/2018
 
TOP OF THE 1ST
New York Mets batting - Pitching for Chicago Cubs : RHP Masahiro Tanaka
Pitching: RHP Masahiro Tanaka
Batting: SHB Ian Happ 0-0: Ball
1-0: Ball
2-0: Swinging Strike
2-1: Foul Ball, location: 2F
2-2: Strikes out looking
Batting: RHB Erik Gonzalez 0-0: Ball
1-0: Ball
2-0: Called Strike
2-1: Foul Ball, location: 2F
2-2: Ball
3-2: Strikes out swinging
Batting: LHB Scott Schebler 0-0: Swinging Strike
0-1: Ground out 4-3 (Groundball, 4D)
Top of the 1st over - 0 runs, 0 hits, 0 errors, 0 left on base; New York 0 - Chicago 0
BOTTOM OF THE 1ST
Chicago Cubs batting - Pitching for New York Mets : LHP Eduardo Rodriguez
Pitching: LHP Eduardo Rodriguez
Batting: SHB Yoan Moncada 0-0: Called Strike
0-1: Ball
1-1: Foul Ball, location: 2F
1-2: Ball
2-2: Ball
3-2: Base on Balls
Batting: RHB Paul DeJong 0-0: Ball
1-0: Ball
Yoan Moncada steals 2nd base
2-0: Ball
3-0: Called Strike
3-1: Foul Ball, location: 2F
3-2: Foul Ball, location: 2F
3-2: Strikes out swinging
Batting: LHB Cody Bellinger 0-0: Ball
1-0: Ball
2-0: SINGLE (Groundball, 6MD)
Yoan Moncada to third
Runner from 3rd tries for Home, SAFE, throw by CF to home
Cody Bellinger to second
Batting: RHB Justin Upton 0-0: Ball
1-0: Foul Ball, location: 2F
1-1: Foul Ball, location: 2F
1-2: Ball
2-2: Ball
3-2: Strikes out swinging
Batting: RHB Jedd Gyorko 0-0: Ball
1-0: Foul Ball, location: 2F
1-1: Called Strike
1-2: Foul Ball, location: 2F
1-2: Ball
2-2: Foul Ball, location: 2F
2-2: Fly out, F8 (Line Drive, 8LD)
Bottom of the 1st over - 1 run, 1 hit, 0 errors, 1 left on base; New York 0 - Chicago 1
TOP OF THE 2ND
New York Mets batting - Pitching for Chicago Cubs : RHP Masahiro Tanaka
Batting: LHB Travis Shaw 0-0: Called Strike
0-1: Ball
1-1: Ball
2-1: Ball
3-1: Called Strike
3-2: Fly out, F7 (Line Drive, 7)
Batting: LHB Eddie Rosario 0-0: Called Strike
0-1: Foul Ball, location: 2F
0-2: SINGLE (Groundball, 6D)
Batting: RHB John Hicks 0-0: Fly out, F9 (Flyball, 9LSF)
Batting: RHB Salvador Perez 0-0: Ground out 1-3 (Groundball, P)
Top of the 2nd over - 0 runs, 1 hit, 0 errors, 1 left on base; New York 0 - Chicago 1
BOTTOM OF THE 2ND
Chicago Cubs batting - Pitching for New York Mets : LHP Eduardo Rodriguez
Batting: RHB Stephen Piscotty 0-0: Ball
1-0: Fly out, F8 (Line Drive, 8LD)
Batting: LHB Jason Castro 0-0: Ball
1-0: Ball
2-0: Foul Ball, location: 2F
2-1: Foul Ball, location: 2F
2-2: Strikes out looking
Batting: RHB Kyle Lewis 0-0: Ball
1-0: DOUBLE (Line Drive, 7LM)
Batting: RHB Masahiro Tanaka 0-0: Ball
1-0: Called Strike
1-1: Swinging Strike
1-2: Ball
2-2: Strikes out looking
Bottom of the 2nd over - 0 runs, 1 hit, 0 errors, 1 left on base; New York 0 - Chicago 1
TOP OF THE 3RD
New York Mets batting - Pitching for Chicago Cubs : RHP Masahiro Tanaka
Batting: SHB Jonathan Villar 0-0: Called Strike
0-1: Foul Ball, location: 2F
0-2: Foul Ball, location: 2F
0-2: Foul Ball, location: 2F
0-2: Ball
1-2: Ground out U3 (Groundball, 34S)
Batting: LHB Eduardo Rodriguez 0-0: Swinging Strike
0-1: Ball
1-1: Called Strike
1-2: Ball
2-2: Ball
3-2: SINGLE (Flyball, 9S)
Batting: SHB Ian Happ 0-0: Called Strike
0-1: Foul Ball, location: 2F
0-2: Foul Ball, location: 2F
0-2: Foul Ball, location: 2F
0-2: Ball
1-2: Ball
2-2: 2-RUN HOME RUN (Flyball, 89XD), Distance : 404 ft
Batting: RHB Erik Gonzalez 0-0: Ball
1-0: Foul Ball, location: 2F
1-1: Swinging Strike
1-2: Foul Ball, location: 2F
1-2: Strikes out swinging
Batting: LHB Scott Schebler 0-0: Ball
1-0: Fly out, F7 (Flyball, 7S)
Top of the 3rd over - 2 runs, 2 hits, 0 errors, 0 left on base; New York 2 - Chicago 1
BOTTOM OF THE 3RD
Chicago Cubs batting - Pitching for New York Mets : LHP Eduardo Rodriguez
Batting: SHB Yoan Moncada 0-0: Ball
1-0: Called Strike
1-1: Bunt for hit to 15S - play at first, batter OUT! 1-3
Batting: RHB Paul DeJong 0-0: Ball
1-0: Foul Ball, location: 2F
1-1: Called Strike
1-2: Strikes out swinging
Batting: LHB Cody Bellinger 0-0: Foul Ball, location: 2F
0-1: Ball
1-1: Swinging Strike
1-2: Foul Ball, location: 2F
1-2: Ball
2-2: Strikes out swinging
Bottom of the 3rd over - 0 runs, 0 hits, 0 errors, 0 left on base; New York 2 - Chicago 1
TOP OF THE 4TH
New York Mets batting - Pitching for Chicago Cubs : RHP Masahiro Tanaka
Batting: LHB Travis Shaw 0-0: Swinging Strike
0-1: Ball
1-1: Called Strike
1-2: SOLO HOME RUN (Flyball, 7D), Distance : 374 ft
Batting: LHB Eddie Rosario 0-0: SINGLE (Line Drive, 3D)
Batting: RHB John Hicks 0-0: Called Strike
0-1: Called Strike
0-2: Strikes out swinging
Batting: RHB Salvador Perez 0-0: Ball
1-0: Foul Ball, location: 2F
1-1: SINGLE (Groundball, 56D)
Eddie Rosario to second
Batting: SHB Jonathan Villar 0-0: Swinging Strike
0-1: Foul Ball, location: 2F
0-2: Ball
1-2: Ball
2-2: Ball
3-2: Foul Ball, location: 2F
3-2: DOUBLE (Line Drive, 89D)
Eddie Rosario scores
Salvador Perez to third
Batting: LHB Eduardo Rodriguez 0-0: Called Strike
0-1: Swinging Strike
0-2: Fly out, F8 (Flyball, 89D)
Runner from 3rd tags up, SCORES, no throw by CF
Batting: SHB Ian Happ 0-0: Intentional Walk
Batting: RHB Erik Gonzalez 0-0: Called Strike
0-1: Foul Ball, location: 2F
0-2: Foul Ball, location: 2F
0-2: Ball
1-2: Ball
2-2: Ball
3-2: Ground out 1-3 (Groundball, 34S)
Top of the 4th over - 3 runs, 4 hits, 0 errors, 2 left on base; New York 5 - Chicago 1
BOTTOM OF THE 4TH
Chicago Cubs batting - Pitching for New York Mets : LHP Eduardo Rodriguez
Batting: RHB Justin Upton 0-0: Called Strike
0-1: SINGLE (Groundball, 6) (infield hit)
Batting: RHB Jedd Gyorko 0-0: Called Strike
0-1: Ball
1-1: Fly out, F7 (Flyball, 7S)
Batting: RHB Stephen Piscotty 0-0: Called Strike
0-1: Swinging Strike
0-2: Ball
1-2: Strikes out swinging
Batting: LHB Jason Castro 0-0: Ball
1-0: Swinging Strike
1-1: Foul Ball, location: 2F
1-2: Strikes out swinging
Bottom of the 4th over - 0 runs, 1 hit, 0 errors, 1 left on base; New York 5 - Chicago 1
TOP OF THE 5TH
New York Mets batting - Pitching for Chicago Cubs : RHP Masahiro Tanaka
Batting: LHB Scott Schebler 0-0: Ball
1-0: Foul Ball, location: 2F
1-1: Called Strike
1-2: Ball
2-2: Foul Ball, location: 2F
2-2: Strikes out looking
Batting: LHB Travis Shaw 0-0: Ball
1-0: Foul Ball, location: 2F
1-1: Foul Ball, location: 2F
1-2: Ball
2-2: Ball
3-2: Ground out 6-3 (Groundball, 4MD)
Batting: LHB Eddie Rosario 0-0: Fly out, F8 (Flyball, 89D)
Top of the 5th over - 0 runs, 0 hits, 0 errors, 0 left on base; New York 5 - Chicago 1
BOTTOM OF THE 5TH
Chicago Cubs batting - Pitching for New York Mets : LHP Eduardo Rodriguez
Batting: RHB Kyle Lewis 0-0: Ball
1-0: Foul Ball, location: 2F
1-1: Fly out, F8 (Flyball, 8RD)
Pinch Hitting: SHB Ehire Adrianza 0-0: Ground out 5-3 (Groundball, 56)
Batting: SHB Yoan Moncada 0-0: Ball
1-0: Foul Ball, location: 2F
1-1: Ball
2-1: Ground out 6-3 (Groundball, 56)
Bottom of the 5th over - 0 runs, 0 hits, 0 errors, 0 left on base; New York 5 - Chicago 1
TOP OF THE 6TH
New York Mets batting - Pitching for Chicago Cubs : RHP Masahiro Tanaka
Pitching: RHP David Phelps
Batting: RHB John Hicks 0-0: SINGLE (Line Drive, 8RS)
Batting: RHB Salvador Perez 0-0: Ball
1-0: Ball
2-0: Foul Ball, location: 2F
2-1: Called Strike
2-2: Ball
3-2: 2-RUN HOME RUN (Flyball, 7D), Distance : 380 ft
Batting: SHB Jonathan Villar 0-0: Ball
1-0: Ball
2-0: Called Strike
2-1: Ball
3-1: Foul Ball, location: 2F
3-2: SINGLE (Groundball, 34D)
Batting: LHB Eduardo Rodriguez 0-0: Sac Bunt to 2R - play at first, batter OUT! 2-4
Jonathan Villar to second
Batting: SHB Ian Happ 0-0: Ground out 4-3 (Groundball, 4)
Jonathan Villar to third
Batting: RHB Erik Gonzalez 0-0: SINGLE (Line Drive, 7S)
Jonathan Villar scores
Batting: LHB Scott Schebler 0-0: Swinging Strike
0-1: Called Strike
0-2: Strikes out swinging
Top of the 6th over - 3 runs, 4 hits, 0 errors, 1 left on base; New York 8 - Chicago 1
BOTTOM OF THE 6TH
Chicago Cubs batting - Pitching for New York Mets : LHP Eduardo Rodriguez
Batting: RHB Paul DeJong 0-0: Swinging Strike
0-1: Called Strike
0-2: Fly out, F8 (Flyball, 8LM)
Batting: LHB Cody Bellinger 0-0: Ground out U3 (Groundball, 3S)
Batting: RHB Justin Upton 0-0: Ball
1-0: Foul Ball, location: 2F
1-1: Ball
2-1: Fly out, F6 (Popup, P)
Bottom of the 6th over - 0 runs, 0 hits, 0 errors, 0 left on base; New York 8 - Chicago 1
TOP OF THE 7TH
New York Mets batting - Pitching for Chicago Cubs : RHP David Phelps
Batting: LHB Travis Shaw 0-0: Ball
1-0: Called Strike
1-1: Ball
2-1: Ball
3-1: Foul Ball, location: 2F
3-2: Foul Ball, location: 2F
3-2: Fly out, F9 (Flyball, 9LM)
Batting: LHB Eddie Rosario 0-0: Ball
1-0: Fly out, F6 (Popup, 6)
Batting: RHB John Hicks 0-0: Called Strike
0-1: Fly out, F9 (Flyball, 89S)
Top of the 7th over - 0 runs, 0 hits, 0 errors, 0 left on base; New York 8 - Chicago 1
BOTTOM OF THE 7TH
Chicago Cubs batting - Pitching for New York Mets : LHP Eduardo Rodriguez
Batting: RHB Jedd Gyorko 0-0: Ball
1-0: Ball
2-0: Ball
3-0: Base on Balls
Batting: RHB Stephen Piscotty 0-0: Called Strike
0-1: Ball
1-1: Ball
2-1: Foul Ball, location: 2F
2-2: Foul Ball, location: 2F
2-2: Ball
Wild Pitch!
Jedd Gyorko to second
3-2: 2-RUN HOME RUN (Line Drive, 89XD), Distance : 391 ft
Pitching: RHP Mike Mayers
Batting: LHB Jason Castro 0-0: Foul Ball, location: 2F
0-1: Foul Ball, location: 2F
0-2: Ball
1-2: Hit by Pitch
Batting: RHB Kyle Lewis 0-0: Foul Ball, location: 2F
0-1: Ball
1-1: Swinging Strike
1-2: Foul Ball, location: 2F
1-2: Ball
2-2: Strikes out swinging
Pinch Hitting: LHB Carlos Asuaje 0-0: Called Strike
0-1: Ball
1-1: Foul Ball, location: 2F
1-2: Fly out, F9 (Line Drive, 9)
Batting: SHB Yoan Moncada 0-0: Called Strike
0-1: Ball
1-1: Fly out, F5 (Popup, 6)
Bottom of the 7th over - 2 runs, 1 hit, 0 errors, 1 left on base; New York 8 - Chicago 3
TOP OF THE 8TH
New York Mets batting - Pitching for Chicago Cubs : RHP David Phelps
Pitching: RHP Nick Burdi
Batting: RHB Salvador Perez 0-0: Called Strike
0-1: Ground out 4-3 (Groundball, 6M)
Batting: SHB Jonathan Villar 0-0: Ball
1-0: Ball
2-0: Foul Ball, location: 2F
2-1: Ball
3-1: Base on Balls
Pinch Hitting: LHB Gerardo Parra 0-0: Ball
1-0: Called Strike
1-1: Fly out, F8 (Flyball, 8RD)
Batting: SHB Ian Happ 0-0: Ball
1-0: Ball
2-0: Hit by Pitch
Jonathan Villar to second
Batting: RHB Erik Gonzalez 0-0: Ball
1-0: Called Strike
1-1: Ball
2-1: Called Strike
2-2: Ball
3-2: SINGLE (Flyball, 9LS)
Jonathan Villar to third
Ian Happ to second
Jonathan Villar scores
Ian Happ to third
Batting: LHB Scott Schebler 0-0: Called Strike
Erik Gonzalez steals 2nd base
0-1: Swinging Strike
0-2: Foul Ball, location: 2F
0-2: Fly out, F7 (Flyball, 7)
Top of the 8th over - 1 run, 1 hit, 0 errors, 2 left on base; New York 9 - Chicago 3
BOTTOM OF THE 8TH
Chicago Cubs batting - Pitching for New York Mets : RHP Mike Mayers
Pitching: LHP Adam Liberatore
Batting: RHB Paul DeJong 0-0: Called Strike
0-1: Swinging Strike
0-2: Ball
1-2: Strikes out swinging
Batting: LHB Cody Bellinger 0-0: Swinging Strike
0-1: Called Strike
0-2: Strikes out looking
Batting: RHB Justin Upton 0-0: Ball
1-0: SINGLE (Groundball, 34D)
Batting: RHB Jedd Gyorko 0-0: Ball
1-0: Ball
2-0: Called Strike
2-1: Ball
3-1: Base on Balls
Justin Upton to second
Batting: RHB Stephen Piscotty 0-0: Ball
1-0: Ball
2-0: Ball
3-0: Base on Balls
Justin Upton to third
Jedd Gyorko to second
Batting: LHB Jason Castro 0-0: Swinging Strike
0-1: Foul Ball, location: 2F
0-2: Foul Ball, location: 2F
0-2: Strikes out swinging
Bottom of the 8th over - 0 runs, 1 hit, 0 errors, 3 left on base; New York 9 - Chicago 3
TOP OF THE 9TH
New York Mets batting - Pitching for Chicago Cubs : RHP Nick Burdi
Batting: LHB Travis Shaw 0-0: Ball
1-0: Swinging Strike
1-1: Called Strike
1-2: Ground out 4-3 (Groundball, 34)
Batting: LHB Eddie Rosario 0-0: Ball
1-0: Ball
2-0: Ball
3-0: Base on Balls
Pitching: RHP Carter Capps
Batting: RHB John Hicks 0-0: Called Strike
Eddie Rosario steals 2nd base
0-1: Ball
1-1: Swinging Strike
1-2: Strikes out swinging
Batting: RHB Salvador Perez 0-0: Ball
1-0: Ball
2-0: Called Strike
2-1: Ball
3-1: Base on Balls
Batting: SHB Jonathan Villar 0-0: SINGLE (Flyball, 9S)
Eddie Rosario to third
Salvador Perez to second
Runner from 3rd tries for Home, SAFE, throw by RF to home
Pinch Hitting: RHB Starlin Castro 0-0: Called Strike
0-1: Foul Ball, location: 2F
0-2: Ball
1-2: Foul Ball, location: 2F
1-2: Foul Ball, location: 2F
1-2: Ball
2-2: Foul Ball, location: 2F
2-2: Strikes out looking
Top of the 9th over - 1 run, 1 hit, 0 errors, 2 left on base; New York 10 - Chicago 3
BOTTOM OF THE 9TH
Chicago Cubs batting - Pitching for New York Mets : LHP Adam Liberatore
Pitching: RHP Tanner Rainey
Batting: RHB Kyle Lewis 0-0: Foul Ball, location: 2F
0-1: Foul Ball, location: 2F
0-2: Ball
1-2: Strikes out swinging
Pinch Hitting: RHB Jose Bautista 0-0: Foul Ball, location: 2F
0-1: Ball
1-1: Called Strike
1-2: Strikes out looking
Batting: SHB Yoan Moncada 0-0: Ball
1-0: Foul Ball, location: 2F
1-1: Foul Ball, location: 2F
1-2: Strikes out looking
Bottom of the 9th over - 0 runs, 0 hits, 0 errors, 0 left on base; New York 10 - Chicago 3
Tuesday, November 6th, 2018 - OOTP Baseball 19.9 Build 111